 Dungeon Crawl Stone Soup version 0.17-a0-1731-g129c023 (webtiles) character file.

9966 kae the Severer (level 11, -13/92 HPs)
             Began as a Hill Orc Fighter on Aug 29, 2015.
             Was a Priest of Qazlal.
             Mangled by a hill giant
             ... wielding a +0 giant club
              (17 damage)
             ... on level 11 of the Dungeon.
             The game lasted 00:14:52 (10978 turns).

kae the Severer (Hill Orc Fighter)                 Turns: 10978, Time: 00:14:53

Health: -13/92     AC: 14    Str: 23    XL:     11   Next: 54%
Magic:  11/11      EV:  7    Int: 10    God:    Qazlal [***...]
Gold:   295        SH: 15    Dex: 10    Spells: 0 memorised, 10 levels left

rFire  + + +     SeeInvis .     a - +1 war axe
rCold  + . .     Clarity  .     w - +0 scale mail {rF+}
rNeg   . . .     SustAt   .     n - +2 shield of Resistance {rF+ rC+ MR+}
rPois  .         Gourm    .     K - +0 helmet "Peynij" {*Drain +Inv Regen+ Stlth+}
rElec  .         Spirit   .     A - +2 cloak
rCorr  .         Warding  .     d - +1 pair of gloves
rMut   .         Stasis   .     (no boots)
MR     +....                    (no amulet)
Stlth  +.........               N - ring of stealth
                                I - ring "Zikhlavo" {+Inv rF+ Int+2}

@: drained, somewhat resistant to hostile enchantments, very unstealthy
A: no striking features
a: Upheaval, Elemental Force, Renounce Religion, Evoke Invisibility


You were on level 11 of the Dungeon.
You worshipped Qazlal.
Qazlal was most pleased with you.
You were not hungry.

You visited 2 branches of the dungeon, and saw 12 of its levels.
You also visited: Sewer.

You collected 559 gold pieces.
You spent 264 gold pieces at shops.

Inventory:

Hand weapons
 a - a +1 war axe (weapon)
Armour
 d - a +1 pair of gloves (worn)
 n - the +2 shield of Resistance (worn) {rF+ rC+ MR+}
   (You found it on level 4 of the Dungeon)

   It protects you from fire.
   It protects you from cold.
   It affects your resistance to hostile enchantments.
 w - a +0 scale mail of fire resistance (worn)
 A - a +2 cloak (worn)
 K - the +0 helmet "Peynij" (worn) {*Drain +Inv Regen+ Stlth+}
   (You bought it in a shop on level 6 of the Dungeon)

   It lets you turn invisible.
   It increases your rate of regeneration.
   It causes draining when unequipped.
   It makes you more stealthy.
Jewellery
 h - an uncursed amulet of stasis
 H - an uncursed ring of wizardry
 I - the ring "Zikhlavo" (left hand) {+Inv rF+ Int+2}
   (You found it on level 7 of the Dungeon)

   [ring of protection from fire]

   It affects your intelligence (+2).
   It protects you from fire.
   It lets you turn invisible.
 N - a ring of stealth (right hand)
Magical devices
 E - a wand of disintegration (17)
 R - a wand of fireball (9)
Scrolls
 g - 3 scrolls of remove curse
 o - 3 scrolls of teleportation
 p - 4 scrolls of amnesia
 r - 2 scrolls of enchant armour
 s - a scroll of noise
 t - 2 scrolls of magic mapping
 y - a scroll of recharging
 C - a scroll of immolation
 G - a scroll of fog
 O - a scroll of silence
Potions
 i - a potion of mutation {unknown}
 j - 5 potions of degeneration
 l - a potion of resistance {unknown}
 m - 3 potions of curing
 q - 2 potions of heal wounds
 x - 2 potions of flight
 z - a potion of brilliance {unknown}
 F - 3 potions of haste
 J - a potion of might
 L - a potion of berserk rage
Books
 c - a Necronomicon

   Spells                             Type                      Level
   a - Haunt                          Necromancy/Summoning         7
   b - Borgnjor's Revivification      Necromancy                   8
   c - Death's Door                   Charms/Necromancy            8
   d - Necromutation                  Transmutation/Necromancy     8
 v - a Young Poisoner's Handbook

   Spells                             Type                      Level
   a - Sting                          Conjuration/Poison           1
   b - Cure Poison                    Poison                       2
   c - Mephitic Cloud                 Conjuration/Poison/Air       3
   d - Olgreb's Toxic Radiance        Poison                       4
   e - Venom Bolt                     Conjuration/Poison           5
 Q - a book of Burglary

   Spells                             Type                      Level
   a - Swiftness                      Charms/Air                   2
   b - Passwall                       Transmutation/Earth          3
   c - Passage of Golubria            Translocation                4
   d - Lee's Rapid Deconstruction     Earth                        5
   e - Darkness                       Hexes                        6
   f - Invisibility                   Hexes                        6
Miscellaneous
 u - a crystal ball of energy
Comestibles
 e - 18 bread rations
 k - 4 fruits
 D - 2 meat rations


   Skills:
 + Level 7.4(7.0) Fighting
 - Level 19.2(18.7) Axes
 + Level 6.7(6.3) Armour
 - Level 3.2(2.9) Shields


You had 10 spell levels left.
You didn't know any spells.

Dungeon Overview and Level Annotations

Branches:
Dungeon (11/15)            Temple (1/1) D:6            Lair (0/8) D:11
    Orc (0/4) D:9

Altars:
Ashenzari
Cheibriados
Elyvilon
Fedhas
Gozag
Kikubaaqudgha
Makhleb
Nemelex Xobeh
Okawaru
Qazlal
Ru
Sif Muna
Trog
Vehumet
Xom
Yredelemnul
Zin
The Shining One
Beogh

Shops:
D:6 %=[   D:10 *


Message History

The hill giant is heavily wounded.
You block the hill giant's attack.
You completely miss the hill giant.
The hill giant is heavily wounded.
You slash the hill giant!
The hill giant is severely wounded.
The hill giant hits you with a giant club!!
* * * LOW HITPOINT WARNING * * *
You are too injured to fight recklessly!
Unknown command.
You are too injured to fight recklessly!
You are too injured to fight recklessly!
Unknown command.
You are too injured to fight recklessly!
You are too injured to fight recklessly!
Unknown command.
You hit the hill giant.
The hill giant is severely wounded.
The hill giant hits you with a giant club!
You die...

#..)).....# #...).....#
# #########.........# #
..................#### .
................###... .
####...........# #... #
#...........# #...
#...........# #...
###@§.........###...
♣..C.................
♣≈≈≈.P....(.............
≈≈≈...................##
≈♣♣P..................#
≈..♣.................#
P..P........).........#
..♣........))......<..##
.........)))..........


You could see a hill giant.

Vanquished Creatures
  The ghost of kae the Severer, an experienced HOFi of Qazlal (D:10)
  The ghost of Baka the Protected, an experienced DsCK of Xom (D:9)
  A cyclops (D:11)
  Joseph (D:7)
  Psyche (D:9)
  2 trolls
  A spriggan (D:10)
  9 yaks
  A water elemental (D:11)
  2 hungry ghosts
  Edmund (D:5)
  2 water moccasins
  5 ice beasts
  2 sky beasts
  Duvessa (D:4)
  2 orc warriors
  7 ogres
  3 phantoms
  A black bear (D:6)
  A crocodile (D:10)
  5 centaurs (D:11)
  A gnoll sergeant (D:8)
  5 giant frogs
  Dowan (D:4)
  A water moccasin zombie (D:6)
  A scorpion (D:8)
  2 electric eels (D:11)
  10 killer bees
  2 vampire bats (D:6)
  4 crimson imps
  5 hounds
  3 jellies
  A quasit (D:7)
  12 wights
  2 orc priests (D:9)
  3 iguanas
  Ijyb (D:2)
  4 giant frog skeletons
  7 worker ants
  4 orc wizards
  A hound zombie (D:8)
  A hound skeleton (D:5)
  A worker ant zombie (D:5)
  10 adders
  3 gnolls (D:8)
  2 shadow imps (D:9)
  An ooze (D:1)
  An adder zombie (D:9)
  An adder skeleton (D:5)
  17 giant geckos
  22 orcs
  3 ball pythons
  6 bat skeletons (D:6)
  A bat zombie (D:6)
  12 giant cockroaches
  5 hobgoblins
  3 kobolds
  6 bats
  10 giant newts
  5 goblins
  16 jackals
  A jackal zombie (D:7)
  7 quokkas
  A quokka zombie (D:9)
  7 rats
  4 plants (D:11)
266 creatures vanquished.

Vanquished Creatures (others)
  12 plants (D:11)
12 creatures vanquished.

Grand Total: 278 creatures vanquished

Notes
Turn   | Place    | Note
--------------------------------------------------------------
     0 | D:1      | kae the Hill Orc Fighter began the quest for the Orb.
     0 | D:1      | Reached XP level 1. HP: 19/19 MP: 1/1
   107 | D:1      | Reached XP level 2. HP: 26/26 MP: 2/2
   211 | D:1      | Reached skill level 4 in Axes
   458 | D:1      | Reached XP level 3. HP: 29/31 MP: 3/3
   814 | D:2      | Reached skill level 5 in Axes
  1260 | D:2      | Noticed Ijyb
  1281 | D:2      | Killed Ijyb
  1281 | D:2      | Reached skill level 6 in Axes
  1281 | D:2      | Reached XP level 4. HP: 35/39 MP: 4/4
  1700 | D:3      | Reached XP level 5. HP: 45/45 MP: 5/5
  1765 | D:3      | Found an iron altar of Okawaru.
  1783 | D:3      | Found a sparkling altar of Nemelex Xobeh.
  1880 | D:3      | You fall through a shaft!
  1965 | D:4      | Noticed Dowan
  1968 | D:4      | Noticed Duvessa
  1990 | D:4      | Killed Duvessa
  1990 | D:4      | Reached skill level 7 in Axes
  1995 | D:4      | Killed Dowan
  1995 | D:4      | Reached skill level 8 in Axes
  1995 | D:4      | Reached XP level 6. HP: 11/51 MP: 6/6
  2119 | D:4      | Found a glowing drain.
  2171 | Sewer    | Entered a sewer
  2424 | Sewer    | Reached skill level 9 in Axes
  2429 | Sewer    | Reached XP level 7. HP: 41/57 MP: 7/7
  2820 | D:4      | Noticed a phantom
  2897 | D:4      | Killed a phantom
  2897 | D:4      | Reached skill level 10 in Axes
  3197 | D:4      | Found a blossoming altar of Fedhas.
  3533 | D:5      | Entered Level 5 of the Dungeon
  3622 | D:5      | Reached skill level 11 in Axes
  3749 | D:5      | Reached XP level 8. HP: 43/64 MP: 8/8
  3915 | D:5      | Reached skill level 12 in Axes
  4081 | D:5      | Found a glowing golden altar of the Shining One.
  4294 | D:5      | Noticed Edmund
  4304 | D:5      | Killed Edmund
  4574 | D:6      | Reached skill level 13 in Axes
  4661 | D:6      | Found Noppiuvobb's Armour Emporium.
  4665 | D:6      | Bought the cursed +0 helmet "Peynij" {*Drain +Inv Regen+ Stlth+} for 177 gold pieces
  4671 | D:6      | Found Maptom's Jewellery Shop.
  4689 | D:6      | Found Bukupehy's Food Emporium.
  4708 | D:6      | Found a staircase to the Ecumenical Temple.
  4731 | Temple   | Entered the Ecumenical Temple
  4740 | Temple   | Became a worshipper of Qazlal Stormbringer
  5074 | D:6      | Reached skill level 14 in Axes
  5074 | D:6      | Reached XP level 9. HP: 59/70 MP: 9/9
  5205 | D:6      | Found an ancient bone altar of Kikubaaqudgha.
  5308 | D:6      | Found a shattered altar of Ashenzari.
  5594 | D:7      | Noticed Joseph
  5624 | D:7      | Killed Joseph
  5624 | D:7      | Reached skill level 15 in Axes
  5718 | D:7      | Acquired Qazlal's first power
  5737 | D:7      | Got a bound platinum ring
  6700 | D:8      | Identified the ring "Zikhlavo" {+Inv rF+ Int+2} (You found it on level 7 of the Dungeon)
  6747 | D:8      | Reached skill level 16 in Axes
  7099 | D:8      | Reached XP level 10. HP: 75/77 MP: 10/10
  7242 | D:8      | Reached skill level 17 in Axes
  7606 | D:9      | Found a staircase to the Orcish Mines.
  7609 | D:9      | Found a roughly hewn altar of Beogh.
  8220 | D:9      | Acquired Qazlal's second power
  8336 | D:9      | Reached skill level 18 in Axes
  8596 | D:9      | Noticed Baka's ghost (experienced DsCK)
  8627 | D:9      | Killed Baka's ghost
  8910 | D:9      | Noticed Psyche
  8918 | D:9      | Killed Psyche
  8918 | D:9      | Reached skill level 19 in Axes
  9116 | D:10     | Entered Level 10 of the Dungeon
  9305 | D:10     | Found Xulah's Assorted Antiques.
  9365 | D:10     | Bought a sedimented green potion for 27 gold pieces
  9365 | D:10     | Bought a scroll of identify for 60 gold pieces
  9628 | D:10     | Reached XP level 11. HP: 83/83 MP: 11/11
  9805 | D:10     | Reached skill level 5 in Fighting
  9820 | D:10     | Noticed kae's ghost (experienced HOFi)
  9882 | D:10     | Killed kae's ghost
  9882 | D:10     | Reached skill level 5 in Armour
 10330 | D:11     | Acquired Qazlal's third power
 10342 | D:11     | Noticed a seven-headed hydra
 10505 | D:11     | Found a staircase to the Lair.
 10684 | D:11     | Noticed a six-headed hydra
 10972 | D:11     | Noticed a hill giant
 10977 | D:11     | HP: 4/92 [hill giant/giant club (30)]
 10978 | D:11     | Mangled by a hill giant

Vault maps used:
D:1:      lemuel_arrival_muddy, solitary_fountain, kennysheep_minor_cross
D:2:      forest_paths, uniq_iyjb
D:3:      nicolae_overflow_crystal_walls, lemuel_coloured_pillars_altar,
          okawaru_metal_pillars_1_2, st_stairs_8
D:4:      fedhas_altar_2, gup_sewer_entry_bowl, uniq_duvessa
D:5:      old_standard_altar, first_bread, serial_glass, glass_columns_b,
          glass_columns_a, glass_columns_b, glass_columns_a, st_stairs_1,
          uniq_edmund
D:6:      kennysheep_vampire_church, lemuel_doored_altar,
          minmay_temple_entry_statues, serial_shops, kennysheep_mini, shop, shop
D:7:      wad_pebble_path, uniq_joseph
D:9:      minmay_orc_entry_temple_small, uniq_psyche
D:10:     serial_shops, shop, the_bakery
D:11:     lair_0_dummy, serial_bayou, serial_bayou_pond_e, serial_bayou_pond_d,
          serial_bayou_shore_b, serial_bayou_shore_a, serial_bayou_lagoon_a,
          serial_bayou_pond_a, hex_tiny, st_stairs_3, grunt_ministairs_14
Temple:   circular_temple_12
Sewer:    sewer_frog_island_01

Action                   |  1- 3 |  4- 6 |  7- 9 | 10-12 || total
-------------------------+-------+-------+-------+-------++-------
Melee: War axe           |   125 |   143 |   437 |   542 ||  1247
  Use: Potion            |       |     2 |     1 |     3 ||     6
       Scroll            |       |       |       |    20 ||    20
 Stab: Invisible         |       |     1 |       |     1 ||     2
  Eat: Chunk             |     1 |     4 |    10 |    16 ||    31
       Beef jerky        |       |       |     1 |       ||     1
       Fruit             |       |       |     2 |       ||     2
       Meat ration       |       |       |     1 |     1 ||     2
